TL
DALLAS-FORT WORTH RANGERS @ EL PASO CHIHUAHUAS
08/30/1982
 
TOP OF THE 1ST
Dallas-Fort Worth Rangers batting - Pitching for El Paso Chihuahuas : RHP Dale Brown
Pitching: RHP Dale Brown
Batting: RHB Phil Bradley 0-0: Called Strike
0-1: Called Strike
0-2: Foul Ball, location: 2F
0-2: Ground out 3-1 (Groundball, 34S, EV 86.3 MPH)
Batting: LHB Stan Levi 0-0: SINGLE (Groundball, 3D, EV 106.3 MPH)
Batting: RHB Terry Lee 0-0: Ball
1-0: Foul Ball, location: 2F
1-1: Called Strike
1-2: Foul Ball, location: 2F
1-2: Fielders Choice at 2nd, 4-6 (Groundball, 4, EV 91.3 MPH)
Batting: LHB Mo Ching 0-0: Ball
Terry Lee steals 2nd base
1-0: Called Strike
1-1: Foul Ball, location: 2F
1-2: Foul Ball, location: 2F
1-2: Ball
2-2: Foul Ball, location: 2F
2-2: Foul Ball, location: 2F
2-2: Strikes out swinging
Top of the 1st over - 0 runs, 1 hit, 0 errors, 1 left on base; Dallas-Fort Worth 0 - El Paso 0
BOTTOM OF THE 1ST
El Paso Chihuahuas batting - Pitching for Dallas-Fort Worth Rangers : RHP Roy J Thomas
Pitching: RHP Roy J Thomas
Batting: RHB Julio Acevedo 0-0: Ball
1-0: DOUBLE (Flyball, 78D, EV 95.6 MPH)
Batting: RHB Jesse Vann 0-0: Ball
1-0: Called Strike
1-1: Called Strike
1-2: Ball
2-2: Foul Ball, location: 2F
2-2: Foul Ball, location: 2F
2-2: Strikes out swinging
Batting: RHB Kevin Jacobson 0-0: Foul Ball, location: 2F
0-1: Called Strike
0-2: Foul Ball, location: 2F
0-2: Ball
1-2: Ball
2-2: 2-RUN HOME RUN (Flyball, 7D, EV 102.5 MPH), Distance : 384 ft
Batting: RHB Manny Guerrero 0-0: Called Strike
0-1: Ball
1-1: Fly out, F8 (Flyball, 8LD, EV 97.5 MPH)
Batting: RHB Tom Roarke 0-0: Ball
1-0: Ground out 6-3 (Groundball, 56, EV 92.5 MPH)
Bottom of the 1st over - 2 runs, 2 hits, 0 errors, 0 left on base; Dallas-Fort Worth 0 - El Paso 2
TOP OF THE 2ND
Dallas-Fort Worth Rangers batting - Pitching for El Paso Chihuahuas : RHP Dale Brown
Batting: RHB Dave Aponte 0-0: Ground out U3 (Groundball, 3, EV 86.3 MPH)
Batting: LHB Garcia Gutierrez 0-0: Called Strike
0-1: Ball
1-1: Swinging Strike
1-2: Strikes out swinging
Batting: RHB Steve Nicosia 0-0: Swinging Strike
0-1: Ball
1-1: Foul Ball, location: 2F
1-2: Hit by Pitch
Batting: RHB Ross Jones 0-0: SINGLE (Groundball, 6MD, EV 105.6 MPH)
Steve Nicosia to second
Runner from 2nd tries for 3rd, SAFE, throw by CF made to third
Batting: SHB Eski Viltz 0-0: SINGLE (Groundball, 34D, EV 95.0 MPH)
Steve Nicosia scores
Ross Jones to second
Runner from 2nd tries for 3rd, SAFE, no throw by RF
Batting: RHB Phil Bradley 0-0: Foul Ball, location: 2F
0-1: Ball
1-1: Ball
2-1: Ball
3-1: Base on Balls
Eski Viltz to second
Batting: LHB Stan Levi 0-0: Ball
1-0: SINGLE (Groundball, 34D, EV 110.6 MPH)
Ross Jones scores
Eski Viltz to third
Phil Bradley to second
Runner from 3rd tries for Home, SAFE, throw by RF to home
Batting: RHB Terry Lee 0-0: Foul Ball, location: 2F
0-1: Ball
1-1: Called Strike
1-2: Strikes out swinging
Top of the 2nd over - 3 runs, 3 hits, 0 errors, 2 left on base; Dallas-Fort Worth 3 - El Paso 2
BOTTOM OF THE 2ND
El Paso Chihuahuas batting - Pitching for Dallas-Fort Worth Rangers : RHP Roy J Thomas
Batting: RHB Leo George 0-0: Called Strike
0-1: Ball
1-1: Ball
2-1: SINGLE (Groundball, 6MD, EV 101.9 MPH)
Batting: RHB Stine Poole 0-0: Ball
1-0: Ball
2-0: Called Strike
2-1: Ball
3-1: Swinging Strike
3-2: Foul Ball, location: 2F
3-2: Foul Ball, location: 2F
3-2: Ground out 6-3 (Groundball, 6, EV 83.8 MPH)
Leo George to second
Batting: RHB William Parmenter 0-0: Ball
1-0: Called Strike
1-1: Foul Ball, location: 2F
1-2: Ball
2-2: Ground out 5-3 (Groundball, 56, EV 82.5 MPH)
Batting: RHB Cliff Wherry 0-0: Called Strike
0-1: Ball
1-1: Fly out, F7 (Line Drive, 7D, EV 96.9 MPH)
Bottom of the 2nd over - 0 runs, 1 hit, 0 errors, 1 left on base; Dallas-Fort Worth 3 - El Paso 2
TOP OF THE 3RD
Dallas-Fort Worth Rangers batting - Pitching for El Paso Chihuahuas : RHP Dale Brown
Batting: LHB Mo Ching 0-0: Ball
1-0: Ball
2-0: Ball
3-0: Called Strike
3-1: Swinging Strike
3-2: Base on Balls
Batting: RHB Dave Aponte 0-0: Ball
1-0: Ball
2-0: Ball
3-0: Called Strike
3-1: Called Strike
3-2: Foul Ball, location: 2F
3-2: Fly out, F4 (Popup, 4M, EV 71.3 MPH)
Batting: LHB Garcia Gutierrez 0-0: Ball
1-0: Grounds into double play, 6-4-3 (Groundball, 6, EV 105.6 MPH)
Top of the 3rd over - 0 runs, 0 hits, 0 errors, 0 left on base; Dallas-Fort Worth 3 - El Paso 2
BOTTOM OF THE 3RD
El Paso Chihuahuas batting - Pitching for Dallas-Fort Worth Rangers : RHP Roy J Thomas
Batting: RHB Julio Acevedo 0-0: Ball
1-0: Called Strike
1-1: Called Strike
1-2: Strikes out looking
Batting: RHB Jesse Vann 0-0: Ball
1-0: Foul Ball, location: 2F
1-1: Ball
2-1: Ball
3-1: Base on Balls
Batting: RHB Kevin Jacobson 0-0: Ball
1-0: Ball
Jesse Vann steals 2nd base
2-0: DOUBLE (Line Drive, 9LM, EV 104.4 MPH)
Jesse Vann scores
Batting: RHB Manny Guerrero 0-0: Ground out 5-3 (Groundball, 5, EV 105.6 MPH)
Batting: RHB Tom Roarke 0-0: Ball
1-0: Called Strike
1-1: Ball
2-1: Ball
3-1: Called Strike
3-2: Base on Balls
Batting: RHB Leo George 0-0: Fly out, F9 (Flyball, 9LS, EV 86.9 MPH)
Bottom of the 3rd over - 1 run, 1 hit, 0 errors, 2 left on base; Dallas-Fort Worth 3 - El Paso 3
TOP OF THE 4TH
Dallas-Fort Worth Rangers batting - Pitching for El Paso Chihuahuas : RHP Dale Brown
Batting: RHB Steve Nicosia 0-0: Fly out, F8 (Line Drive, 8RD, EV 96.9 MPH)
Batting: RHB Ross Jones 0-0: Called Strike
0-1: Foul Ball, location: 2F
0-2: Ball
1-2: Ball
2-2: Strikes out swinging
Batting: SHB Eski Viltz 0-0: Ball
1-0: Called Strike
1-1: Ball
2-1: Ball
3-1: Base on Balls
Batting: RHB Phil Bradley 0-0: Ball
1-0: Called Strike
1-1: Fly out, F9 (Line Drive, 9, EV 93.1 MPH)
Top of the 4th over - 0 runs, 0 hits, 0 errors, 1 left on base; Dallas-Fort Worth 3 - El Paso 3
BOTTOM OF THE 4TH
El Paso Chihuahuas batting - Pitching for Dallas-Fort Worth Rangers : RHP Roy J Thomas
Batting: RHB Stine Poole 0-0: Called Strike
0-1: Foul Ball, location: 2F
0-2: Ball
1-2: Foul Ball, location: 2F
1-2: Strikes out looking
Batting: RHB William Parmenter 0-0: Called Strike
0-1: Foul Ball, location: 2F
0-2: Foul Ball, location: 2F
0-2: Foul Ball, location: 2F
0-2: Ball
1-2: Strikes out swinging
Batting: RHB Cliff Wherry 0-0: Foul Ball, location: 2F
0-1: Ball
1-1: Ball
2-1: Foul Ball, location: 2F
2-2: SOLO HOME RUN (Flyball, 7D, EV 104.4 MPH), Distance : 383 ft
Batting: RHB Julio Acevedo 0-0: Called Strike
0-1: Foul Ball, location: 2F
0-2: Fly out, F8 (Flyball, 78M, EV 85.0 MPH)
Bottom of the 4th over - 1 run, 1 hit, 0 errors, 0 left on base; Dallas-Fort Worth 3 - El Paso 4
TOP OF THE 5TH
Dallas-Fort Worth Rangers batting - Pitching for El Paso Chihuahuas : RHP Dale Brown
Batting: LHB Stan Levi 0-0: SINGLE (Groundball, 4MD, EV 97.5 MPH)
Batting: RHB Terry Lee 0-0: Ball
1-0: Ball
Stan Levi steals 2nd base (no throw)
2-0: Called Strike
2-1: Foul Ball, location: 2F
2-2: Ball
3-2: Fly out, F5 (Popup, 5F, EV 65.6 MPH)
Batting: LHB Mo Ching 0-0: Called Strike
0-1: Ball
1-1: Ball
2-1: Ball
3-1: Called Strike
3-2: Foul Ball, location: 2F
3-2: SINGLE (Flyball, 89S, EV 91.9 MPH)
Stan Levi to third
Runner from 3rd tries for Home, SAFE, throw by RF to home
Mo Ching to second
Batting: RHB Dave Aponte 0-0: Called Strike
0-1: Ball
1-1: Ball
2-1: Fly out, F9 (Flyball, 89XD, EV 101.3 MPH)
Runner from 2nd tags up, SAFE at 3rd, no throw by RF
Batting: LHB Garcia Gutierrez 0-0: Ball
1-0: Ball
2-0: Ball
3-0: Called Strike
3-1: Ground out U3 (Groundball, 3L, EV 94.4 MPH)
Top of the 5th over - 1 run, 2 hits, 0 errors, 1 left on base; Dallas-Fort Worth 4 - El Paso 4
BOTTOM OF THE 5TH
El Paso Chihuahuas batting - Pitching for Dallas-Fort Worth Rangers : RHP Roy J Thomas
Batting: RHB Jesse Vann 0-0: Ball
1-0: Swinging Strike
1-1: Foul Ball, location: 2F
1-2: Ball
2-2: Ball
3-2: DOUBLE (Line Drive, 9LS, EV 90.0 MPH)
Batting: RHB Kevin Jacobson 0-0: Called Strike
0-1: Called Strike
0-2: Strikes out swinging
Batting: RHB Manny Guerrero 0-0: Ball
1-0: Called Strike
1-1: Ball
2-1: Called Strike
2-2: Reached on error, E5 (Groundball, 5S, EV 63.8 MPH)
Jesse Vann to third
Batting: RHB Tom Roarke 0-0: Ball
Wild Pitch!
Jesse Vann scores
Manny Guerrero to second
1-0: Ball
2-0: Swinging Strike
2-1: Foul Ball, location: 2F
2-2: Ball
3-2: Base on Balls
Batting: RHB Leo George 0-0: Foul Ball, location: 2F
0-1: Ball
1-1: Called Strike
1-2: Foul Ball, location: 2F
1-2: Strikes out looking
Batting: RHB Stine Poole 0-0: Called Strike
0-1: SINGLE (Line Drive, 89S, EV 103.1 MPH)
Manny Guerrero to third
Tom Roarke to second
Runner from 3rd tries for Home, SAFE, throw by RF to home
Batting: RHB William Parmenter 0-0: Ball
1-0: Foul Ball, location: 2F
1-1: Called Strike
1-2: Strikes out swinging
Bottom of the 5th over - 2 runs, 2 hits, 1 error, 2 left on base; Dallas-Fort Worth 4 - El Paso 6
TOP OF THE 6TH
Dallas-Fort Worth Rangers batting - Pitching for El Paso Chihuahuas : RHP Dale Brown
Batting: RHB Steve Nicosia 0-0: Called Strike
0-1: SINGLE (Line Drive, 8LS, EV 93.1 MPH)
Batting: RHB Ross Jones 0-0: Ball
1-0: Ball
2-0: Sac Bunt to 5S - play at first, batter OUT! 5-4
Steve Nicosia to second
Batting: SHB Eski Viltz 0-0: Called Strike
0-1: Ball
1-1: Called Strike
1-2: Strikes out swinging
Batting: RHB Phil Bradley 0-0: Foul Ball, location: 2F
0-1: Ball
1-1: Ball
2-1: Swinging Strike
2-2: Ball
3-2: Ground out 5-3 (Groundball, 56, EV 101.3 MPH)
Top of the 6th over - 0 runs, 1 hit, 0 errors, 1 left on base; Dallas-Fort Worth 4 - El Paso 6
BOTTOM OF THE 6TH
El Paso Chihuahuas batting - Pitching for Dallas-Fort Worth Rangers : RHP Roy J Thomas
Pitching: RHP Randy McGilberry
Batting: RHB Cliff Wherry 0-0: SINGLE (Line Drive, 78S, EV 100.0 MPH)
Batting: RHB Julio Acevedo 0-0: Ball
1-0: Swinging Strike
1-1: Swinging Strike
1-2: Ball
2-2: Ball
3-2: Reached on error, E6 (Groundball, 6, EV 83.8 MPH)
Cliff Wherry to second
Batting: RHB Jesse Vann 0-0: Ball
1-0: Ball
2-0: Called Strike
2-1: Foul Ball, location: 2F
2-2: 3-RUN HOME RUN (Flyball, 7D, EV 95.0 MPH), Distance : 393 ft
Batting: RHB Kevin Jacobson 0-0: Ground out 5-3 (Groundball, 56, EV 99.4 MPH)
Batting: RHB Manny Guerrero 0-0: Ball
1-0: Ball
2-0: Swinging Strike
2-1: Foul Ball, location: 2F
2-2: Fly out, F7 (Flyball, 78D, EV 106.3 MPH)
Batting: RHB Tom Roarke 0-0: Ball
1-0: Ball
2-0: Swinging Strike
2-1: SOLO HOME RUN (Flyball, 7D, EV 95.6 MPH), Distance : 389 ft
Batting: RHB Leo George 0-0: Called Strike
0-1: Swinging Strike
0-2: Foul Ball, location: 2F
0-2: Foul Ball, location: 2F
0-2: Foul Ball, location: 2F
0-2: Ball
1-2: Ball
2-2: Ball
3-2: Fly out, F7 (Flyball, 7S, EV 91.9 MPH)
Bottom of the 6th over - 4 runs, 3 hits, 1 error, 0 left on base; Dallas-Fort Worth 4 - El Paso 10
TOP OF THE 7TH
Dallas-Fort Worth Rangers batting - Pitching for El Paso Chihuahuas : RHP Dale Brown
Batting: LHB Stan Levi 0-0: Ball
1-0: Ball
2-0: Called Strike
2-1: Foul Ball, location: 2F
2-2: Reached on error, E6 (Groundball, 6, EV 87.5 MPH)
Batting: RHB Terry Lee 0-0: Foul Ball, location: 2F
0-1: Foul Ball, location: 2F
0-2: Strikes out swinging
Batting: LHB Mo Ching 0-0: Called Strike
Stan Levi is caught stealing 2nd base 2-6
0-1: Ball
1-1: Foul Ball, location: 2F
1-2: Fly out, F9 (Flyball, 9D, EV 92.5 MPH)
Top of the 7th over - 0 runs, 0 hits, 1 error, 0 left on base; Dallas-Fort Worth 4 - El Paso 10
BOTTOM OF THE 7TH
El Paso Chihuahuas batting - Pitching for Dallas-Fort Worth Rangers : RHP Randy McGilberry
Pitching: RHP Tom McGough
Batting: RHB Stine Poole 0-0: Ball
1-0: Ball
2-0: Foul Ball, location: 2F
2-1: Ball
3-1: Foul Ball, location: 2F
3-2: Foul Ball, location: 2F
3-2: Strikes out looking
Batting: RHB William Parmenter 0-0: Swinging Strike
0-1: Called Strike
0-2: Ball
1-2: Strikes out swinging
Batting: RHB Cliff Wherry 0-0: Ball
1-0: Swinging Strike
1-1: Foul Ball, location: 2F
1-2: Strikes out swinging
Bottom of the 7th over - 0 runs, 0 hits, 0 errors, 0 left on base; Dallas-Fort Worth 4 - El Paso 10
TOP OF THE 8TH
Dallas-Fort Worth Rangers batting - Pitching for El Paso Chihuahuas : RHP Dale Brown
Batting: RHB Dave Aponte 0-0: Ball
1-0: Ball
2-0: Fly out, F7 (Line Drive, 7D, EV 96.3 MPH)
Batting: LHB Garcia Gutierrez 0-0: Swinging Strike
0-1: Ball
1-1: Called Strike
1-2: Ball
2-2: Fly out, F9 (Flyball, 9S, EV 88.1 MPH)
Batting: RHB Steve Nicosia 0-0: SINGLE (Groundball, 4M, EV 100.6 MPH) (infield hit)
Batting: RHB Ross Jones 0-0: Ball
1-0: Called Strike
1-1: Called Strike
1-2: Foul Ball, location: 2F
1-2: Foul Ball, location: 2F
1-2: Ball
2-2: Foul Ball, location: 2F
2-2: Foul Ball, location: 2F
2-2: Foul Ball, location: 2F
2-2: Ground out 4-3 (Groundball, 4, EV 108.1 MPH)
Top of the 8th over - 0 runs, 1 hit, 0 errors, 1 left on base; Dallas-Fort Worth 4 - El Paso 10
BOTTOM OF THE 8TH
El Paso Chihuahuas batting - Pitching for Dallas-Fort Worth Rangers : RHP Tom McGough
Batting: RHB Julio Acevedo 0-0: Ball
1-0: Ball
2-0: Ball
3-0: Base on Balls
Batting: RHB Jesse Vann 0-0: Called Strike
0-1: Called Strike
0-2: Ball
1-2: Ball
2-2: Ball
3-2: Foul Ball, location: 2F
3-2: Strikes out swinging
Batting: RHB Kevin Jacobson 0-0: Called Strike
0-1: Ball
1-1: DOUBLE (Groundball, 3L, EV 104.4 MPH)
Julio Acevedo to third
Batting: RHB Manny Guerrero 0-0: Reached on error, E6 (Groundball, 6, EV 83.8 MPH)
Julio Acevedo scores
Kevin Jacobson to third
Batting: RHB Tom Roarke 0-0: Ball
1-0: Foul Ball, location: 2F
1-1: Called Strike
1-2: Ball
2-2: Strikes out looking
Batting: RHB Leo George 0-0: Ball
1-0: Ball
2-0: Fly out, F8 (Flyball, 8RS, EV 81.9 MPH)
Bottom of the 8th over - 1 run, 1 hit, 1 error, 2 left on base; Dallas-Fort Worth 4 - El Paso 11
TOP OF THE 9TH
Dallas-Fort Worth Rangers batting - Pitching for El Paso Chihuahuas : RHP Dale Brown
Batting: SHB Eski Viltz 0-0: Ball
1-0: Swinging Strike
1-1: SINGLE (Line Drive, 7LS, EV 103.1 MPH)
Pinch Hitting: RHB Alex Zermeno 0-0: Called Strike
0-1: Ball
1-1: Ball
2-1: Ball
Wild Pitch!
Eski Viltz to second
3-1: Foul Ball, location: 2F
3-2: Base on Balls
Batting: LHB Stan Levi 0-0: Ball
1-0: Ball
2-0: Ball
3-0: Called Strike
3-1: Foul Ball, location: 2F
3-2: Foul Ball, location: 2F
3-2: Base on Balls
Eski Viltz to third
Alex Zermeno to second
Pitching: RHP Bruce Westbrook
Batting: RHB Terry Lee 0-0: Swinging Strike
0-1: Ground out 5-3 (Groundball, 56S, EV 68.1 MPH)
Eski Viltz scores
Alex Zermeno to third
Stan Levi to second
Batting: LHB Mo Ching 0-0: Ball
1-0: Foul Ball, location: 2F
1-1: Foul Ball, location: 2F
1-2: Foul Ball, location: 2F
1-2: Strikes out swinging
Batting: RHB Dave Aponte 0-0: Ball
1-0: Swinging Strike
1-1: Ground out 5-3 (Groundball, 56S, EV 85.0 MPH)
Top of the 9th over - 1 run, 1 hit, 0 errors, 2 left on base; Dallas-Fort Worth 5 - El Paso 11
Thursday, August 27th, 2020 - OOTP Baseball 21.5 Build 76